 Dungeon Crawl Stone Soup version 0.21.1-1-g345015f (webtiles) character file.

1656 letownia2 the Destroyer (level 9, -1/52 HPs)
             Began as a Tengu Fire Elementalist on Mar 4, 2018.
             Slain by Caim's ghost (12 damage)
             ... on level 6 of the Dungeon on Mar 5, 2018.
             The game lasted 00:14:57 (2662 turns).

letownia2 the Destroyer (Tengu Fire Elementalist)   Turns: 2662, Time: 00:14:58

Health: -1/52      AC:  6    Str:  9    XL:     9   Next: 0%
Magic:  4/16       EV: 13    Int: 19    God:
Gold:   115        SH:  0    Dex: 14    Spells: 8/16 levels left

rFire    . . .     SeeInvis .   a - +1 dagger (elec)
rCold    . . .     Gourm    .   (no shield)
rNeg     . . .     Faith    .   e - +0 leather armour
rPois    .         Spirit   .   (helmet restricted)
rElec    .         Reflect  .   (no cloak)
rCorr    .         Harm     .   m - +2 pair of gloves
MR       .....                  (boots unavailable)
Stlth    +.........             I - amulet of regeneration
HPRegen  0.57/turn              P - ring of wizardry
MPRegen  0.15/turn              Q - ring of loudness (curse)

@: very slightly contaminated
A: beak, talons 3, able to fly 1
a: Fly


You were on level 6 of the Dungeon.
You were not hungry.

You visited 1 branch of the dungeon, and saw 6 of its levels.
You also visited: Ossuary.

You collected 239 gold pieces.
You spent 124 gold pieces at shops.

Inventory:

Hand Weapons
 a - a +1 dagger of electrocution (weapon)
 b - a +2 dagger of venom
 k - a +0 dagger
Missiles
 j - 4 tomahawks (quivered)
 J - 8 poisoned tomahawks
 S - a throwing net
Armour
 e - a +0 leather armour (worn)
 h - a +0 ring mail
 i - a +0 buckler
 m - a +2 pair of gloves (worn)
 r - a +0 robe
 s - a +0 ring mail
 y - a +2 pair of gloves
 E - a +2 leather armour of cold resistance
 G - a +0 cloak
Jewellery
 I - an amulet of regeneration (around neck)
 P - a ring of wizardry (left hand)
 Q - a cursed ring of loudness (right hand)
Wands
 D - a wand of random effects (22)
Scrolls
 d - 2 scrolls of teleportation
 g - 3 scrolls of blinking {unknown}
 l - 2 scrolls of enchant armour {unknown}
 n - 2 scrolls of enchant weapon {unknown}
 p - a scroll of random uselessness {unknown}
 w - 2 scrolls of magic mapping {unknown}
 A - a scroll of immolation {unknown}
 B - 3 scrolls of fear
 C - a scroll of fog {unknown}
 K - a scroll of torment {unknown}
 L - a scroll of amnesia {unknown}
 M - 5 scrolls of remove curse {unknown}
Potions
 q - 5 potions of curing
 u - a potion of ambrosia
 v - 2 potions of might {unknown}
 x - 2 potions of heal wounds {unknown}
 z - 3 potions of flight {unknown}
 F - 3 potions of berserk rage
 N - 2 potions of agility
 O - 2 potions of cancellation
 R - a potion of magic
Books
 o - a book of Changes

   Spells                             Type                      Level
   a - Beastly Appendage              Transmutation                1
   b - Sticks to Snakes               Transmutation                2
   c - Spider Form                    Transmutation/Poison         3
   d - Ice Form                       Ice/Transmutation            4
   e - Blade Hands                    Transmutation                5
 t - a book of Flames

   Spells                             Type                      Level
   a - Flame Tongue                   Conjuration/Fire             1
   b - Throw Flame                    Conjuration/Fire             2
   c - Conjure Flame                  Conjuration/Fire             3
   d - Inner Flame                    Hexes/Fire                   3
   e - Sticky Flame                   Conjuration/Fire             4
   f - Fireball                       Conjuration/Fire             5
 H - a book of Maledictions

   Spells                             Type                      Level
   a - Corona                         Hexes                        1
   b - Ensorcelled Hibernation        Hexes/Ice                    2
   c - Confuse                        Hexes                        3
   d - Tukima's Dance                 Hexes                        3
   e - Dazzling Spray                 Conjuration/Hexes            3
 T - the Compendium of the Warped Oath
   (You found it on level 6 of the Dungeon)

   Spells                             Type                      Level
   a - Shroud of Golubria             Charms/Translocation         2
   b - Slow                           Hexes                        2
   c - Ensorcelled Hibernation        Hexes/Ice                    2
   d - Blink                          Translocation                2
   e - Force Lance                    Conjuration/Translocation    4
   f - Summon Mana Viper              Hexes/Summoning              5
Comestibles
 c - 4 rations
 f - 4 chunks of flesh


   Skills:
 - Level 4.0 Fighting
 - Level 2.0 Armour
 - Level 3.1 Dodging
 - Level 2.0 Stealth
 - Level 4.1 Spellcasting
 - Level 10.9 Conjurations
 + Level 1.2 Charms
 + Level 1.2 Translocations
 - Level 3.2 Fire Magic


You had 8 spell levels left.
You knew the following spells:

 Your Spells              Type           Power        Failure   Level  Hunger
a - Flame Tongue          Conj/Fire      ####.        1%          1    None
b - Blink                 Tloc           N/A          7%          2    ##.....
c - Conjure Flame         Conj/Fire      ####....     1%          3    ###....
t - Shroud of Golubria    Chrm/Tloc      #.........   7%          2    ##.....


Dungeon Overview and Level Annotations

Branches:
Dungeon (6/15)
 Temple: D:4-7

Altars:
Makhleb
Qazlal
Sif Muna
Zin

Shops:
D:4 [   D:5 *}

Annotations:
D:2 Terence
D:6 Caim's ghost, novice NaBe


Innate Abilities, Weirdness & Mutations

You have a beak for a mouth.
You have claws for feet.
You can fly.


Message History

You claw Caim's ghost, but do no damage.
Your peck misses Caim's ghost.
Caim's ghost is lightly damaged.
Caim's ghost is engulfed in blazing flames.
Caim's ghost hits you!
You barely miss Caim's ghost.
Caim's ghost is lightly damaged.
Caim's ghost is engulfed in blazing flames.
Caim's ghost hits you!
* * * LOW HITPOINT WARNING * * *
Your shroud falls apart!
Unknown command.
Casting: Flame Tongue
Confirm with . or Enter, or press ? or * to list all spells.
You miscast Blink.
You are very lightly contaminated with residual magic.
You feel a wrenching sensation.
Caim's ghost is engulfed in blazing flames.
Caim's ghost hits you!
You die...

#. #. #.
#. #. ####
#.## ...#
#..# ...#
#@# ...# .
#W##
...#..
#..# .....
###ยง# ..#
.).## ..#
#..# ..#
#.####.##
###
#.......#
#######.##


You could see Caim's ghost.

Vanquished Creatures
  An ice beast (D:5)
  A phantom (D:4)
  2 bullfrogs (D:6)
  6 scorpions (Ossuary)
  2 howler monkeys
  A crimson imp (D:5)
  A quasit (D:6)
  A centaur zombie (Ossuary)
  3 human zombies (Ossuary)
  3 orc priests (D:5)
  2 jellies
  A bullfrog skeleton (D:4)
  3 orc wizards (D:5)
  5 worker ants
  4 iguanas
  4 big kobold zombies (Ossuary)
  3 mummies (Ossuary)
  3 gnolls (D:6)
  5 adders
  4 scorpion zombies (Ossuary)
  A shadow imp (D:5)
  An ooze (D:5)
  3 adder skeletons
  A worm (D:5)
  A dart slug (D:4)
  A leopard gecko (D:2)
  13 orcs
  2 giant cockroaches
  2 gnoll zombies (Ossuary)
  A goblin (D:3)
  A hobgoblin (D:1)
  3 jackals (D:1)
  6 kobolds
  5 quokkas
  A bat (D:1)
  6 frilled lizards
  3 goblin zombies (Ossuary)
  A hobgoblin zombie (Ossuary)
  A kobold zombie (Ossuary)
  An orc zombie (Ossuary)
  2 rats (D:2)
111 creatures vanquished.

Vanquished Creatures (others)
  A scorpion (Ossuary)
1 creature vanquished.

Grand Total: 112 creatures vanquished

Notes
Turn   | Place    | Note
-------+----------+-------------------------------------------
     0 | D:1      | letownia2 the Tengu Fire Elementalist began the quest for the Orb.
     0 | D:1      | Reached XP level 1. HP: 10/10 MP: 4/4
    73 | D:1      | Reached skill level 2 in Conjurations
   134 | D:1      | Reached XP level 2. HP: 6/15 MP: 1/6
   179 | D:1      | Reached skill level 3 in Conjurations
   253 | D:2      | Noticed Terence
   327 | D:2      | Reached XP level 3. HP: 12/19 MP: 2/7
   332 | D:2      | Learned a level 3 spell: Conjure Flame
   347 | D:2      | Found a burning altar of Makhleb.
   347 | D:2      | Noticed a blizzard demon
   409 | D:3      | Reached skill level 4 in Conjurations
   652 | D:4      | Reached skill level 5 in Conjurations
   652 | D:4      | Reached XP level 4. HP: 7/24 MP: 1/8
   772 | D:4      | Found a stormy altar of Qazlal.
   867 | D:4      | Found Ciffyn's Armour Emporium.
   884 | D:4      | Reached skill level 1 in Fighting
   884 | D:4      | Reached skill level 1 in Armour
   884 | D:4      | Gained mutation: You can fly. [Tengu growth]
   884 | D:4      | Reached XP level 5. HP: 22/29 MP: 1/9
   894 | D:4      | Noticed a phantom
  1118 | D:4      | Killed a phantom
  1118 | D:4      | Reached XP level 6. HP: 34/36 MP: 0/10
  1301 | D:4      | Reached skill level 6 in Conjurations
  1344 | D:5      | Entered Level 5 of the Dungeon
  1345 | D:5      | Found a sand-covered staircase.
  1449 | D:5      | Reached XP level 7. HP: 34/41 MP: 7/12
  1483 | D:5      | Found Tilaqah's Gadget Emporium.
  1668 | D:5      | Reached skill level 7 in Conjurations
  1716 | D:5      | Found Korri's Assorted Antiques.
  1761 | D:5      | Bought a scroll labeled VYTROIXYASS for 31 gold pieces
  1761 | D:5      | Bought a scroll labeled XESOIG ZOTE for 31 gold pieces
  1761 | D:5      | Bought a scroll labeled KYBBEU OGEYRRE for 31 gold pieces
  1761 | D:5      | Bought a scroll labeled WITIGO BAJO for 31 gold pieces
  1812 | Ossuary  | Entered an ossuary
  1836 | Ossuary  | Reached XP level 8. HP: 28/48 MP: 1/15
  1863 | Ossuary  | Reached skill level 8 in Conjurations
  1986 | Ossuary  | Reached skill level 9 in Conjurations
  2152 | Ossuary  | Reached skill level 10 in Conjurations
  2337 | D:6      | Identified the Compendium of the Warped Oath
  2358 | D:6      | Learned a level 2 spell: Shroud of Golubria
  2361 | D:6      | Learned a level 2 spell: Blink
  2411 | D:6      | Found a deep blue altar of Sif Muna.
  2488 | D:6      | Noticed an angel
  2489 | D:6      | Found a glowing silver altar of Zin.
  2579 | D:6      | Reached skill level 1 in Charms
  2579 | D:6      | Reached skill level 1 in Translocations
  2582 | D:6      | Reached XP level 9. HP: 52/52 MP: 9/16
  2646 | D:6      | Noticed Caim's ghost (novice NaBe)
  2662 | D:6      | Slain by Caim's ghost

Skill      XL: |  1  2  3  4  5  6  7  8 |
---------------+-------------------------+-----
Conjurations   | 2 3 5 6 7 10 | 10.9
Fighting       | 1 2 3 4 |  4.0
Armour         | 1 2 |  2.0
Dodging        | 3 |  3.1
Spellcasting   | 3 4 |  4.1
Charms         | 1 |  1.2
Translocations | 1 |  1.2
Stealth        | |  2.0
Fire Magic     | |  3.2

Action                   |  1- 3 |  4- 6 |  7- 9 || total
-------------------------+-------+-------+-------++-------
Melee: Unarmed           |    20 |       |       ||    20
       Peck              |     3 |     2 |     8 ||    13
       Kick              |     5 |     6 |    18 ||    29
       Dagger            |     3 |    21 |    74 ||    98
Throw: Tomahawk          |       |       |     9 ||     9
 Cast: Flame Tongue      |    43 |    53 |   102 ||   198
       Conjure Flame     |     1 |     1 |    10 ||    12
       Shroud of Golubri |       |       |     2 ||     2
       Blink             |       |       |     1 ||     1
  Use: Scroll            |       |       |     6 ||     6
 Stab: Sleeping          |       |     1 |     1 ||     2
  Eat: Chunk             |       |     3 |     5 ||     8
Armor: Robe              |     2 |       |       ||     2
       Leather armour    |       |     7 |    22 ||    29
Dodge: Dodged            |    24 |    28 |    50 ||   102
